 Dungeon Crawl Stone Soup version 0.32-a0-20-ge526923d97 (webtiles) character file.

Game seed: 13519267388857647347

38250 Newt the Spear-Bearer (level 14, -6/103 HPs)
             Began as a Merfolk Gladiator on Jan 17, 2024.
             Was a Priest of Hepliaklqana.
             Hit by a large rock thrown by a stone giant (47 damage)
             ... on level 15 of the Dungeon.
             The game lasted 00:25:16 (18457 turns).

Newt the Spear-Bearer (Merfolk Gladiator)          Turns: 18457, Time: 00:25:17

Health: -6/103     AC: 30    Str: 22    XL:     14   Next: 1%
Magic:  25/25      EV: 10    Int: 11    God:    Hepliaklqana [***...]
Gold:   812        SH:  5    Dex: 16    Spells: 26/28 levels left

rFire   + + .        G - +3 trident (drain)
rCold   . . .        (no shield)
rNeg    . . .        U - +9 plate armour of the Immovable Wars {Int+6 Slay+2}
rPois   +            W - +0 helmet of the Lobster {Rampage rPois Str+3 Int-2}
rElec   .            S - +1 cloak {Will+}
rCorr   +            l - +2 pair of gloves "Forget-Me-Not" {rPois rF+}
SInv    +            (no boots)
Will    ++...        E - amulet of reflection Stlth
                     j - ring of see invisible
HPRegen 0.37/turn    s - ring of resist corrosion
MPRegen 0.19/turn

%: reflection, rampage
@: no status effects
A: reduced essence, (nimble swimmer 2), mertail, fire resistance 1, robust 1
a: Renounce Religion, Recall Ancestor, Ancestor Identity, Transference


You were on level 15 of the Dungeon.
You worshipped Hepliaklqana.
Hepliaklqana was most pleased with you.
You visited 2 branches of the dungeon, and saw 16 of its levels.
You also visited: Sewer and Bailey.

You collected 1008 gold pieces.
You spent 196 gold pieces at shops.

Inventory:

Hand Weapons
 a - a +1 trident of freezing
 G - a +3 trident of draining (weapon)
 N - the +8 dagger of the Common Good {vamp, rElec rCorr Str+3 Int+3}
   (You took it off an orc on level 9 of the Dungeon)

   Str+3:     It affects your strength (+3).
   Int+3:     It affects your intelligence (+3).
   rElec:     It insulates you from electricity.
   rCorr:     It protects you from acid and corrosion.
Missiles
 d - 6 throwing nets (quivered)
 e - 7 javelins
Armour
 l - the +2 pair of gloves "Forget-Me-Not" (worn) {rPois rF+}
   (You found it on level 2 of the Dungeon)

   rF+:       It protects you from fire.
   rPois:     It protects you from poison
 L - +3 steam dragon scales
 M - +0 ice dragon scales
 S - a +1 cloak of willpower (worn)
 T - a +4 scale mail of cold resistance
 U - the +9 plate armour of the Immovable Wars (worn) {Int+6 Slay+2}
   (You took it off an orc warrior on level 10 of the Dungeon)

   Int+6:     It affects your intelligence (+6).
   Slay+2:    It affects your accuracy & damage with ranged weapons and melee
   (+2).
 W - the +0 helmet of the Lobster (worn) {Rampage rPois Str+3 Int-2}
   (You acquired it on level 13 of the Dungeon)

   Str+3:     It affects your strength (+3).
   Int-2:     It affects your intelligence (-2).
   rPois:     It protects you from poison Rampage: It bestows one free step when
   moving towards enemies.
Jewellery
 j - a ring of see invisible (left hand)
 r - a ring of fire
 s - a ring of resist corrosion (right hand)
 E - an amulet of reflection (around neck)
 O - a ring of ice
Wands
 k - a wand of charming (43)
 m - a wand of iceblast (9)
 Q - a wand of digging (12)
 V - a wand of polymorph (4)
Scrolls
 c - 2 scrolls of identify
 f - 7 scrolls of revelation
 h - 2 scrolls of brand weapon
 o - 2 scrolls of amnesia {unknown}
 p - 4 scrolls of immolation
 z - 8 scrolls of teleportation
 A - 4 scrolls of enchant armour
 C - 2 scrolls of blinking
 X - 2 scrolls of fear
 Y - a scroll of poison
 Z - 2 scrolls of enchant weapon
Potions
 b - a potion of cancellation {unknown}
 g - 6 potions of heal wounds
 i - 6 potions of berserk rage
 n - a potion of ambrosia
 q - 3 potions of might
 t - 2 potions of mutation
 w - 7 potions of curing
 x - 2 potions of enlightenment
 B - a potion of attraction
 I - 2 potions of invisibility
 K - 2 potions of haste
 P - 2 potions of magic {unknown}
Miscellaneous
 R - a phantom mirror


   Skills:
 - Level 7.0 Fighting
 + Level 14.0 Polearms
 - Level 2.0 Throwing
 - Level 10.0 Armour
 - Level 7.0 Dodging
 - Level 5.0 Stealth
 - Level 7.8 Spellcasting
 - Level 8.0 Summonings
 - Level 5.4 Earth Magic
 - Level 7.0 Evocations


You had 26 spell levels left.
You knew the following spells:

 Your Spells              Type           Power      Damage    Failure   Level
a - Call Imp              Summ           42%        N/A       12%         2

Your spell library contained the following spells:

 Spells                   Type           Power      Damage    Failure   Level
 Sandblast                Erth           32%        2d9       22%         1
 Passwall                 Erth           16%        N/A       56%         3
 Animate Armour           Summ/Erth      38%        N/A       80%         4
 Apportation              Tloc           8%         N/A       91%         1
 Magic Dart               Conj           16%        1d3       91%         1
 Stone Arrow              Conj/Erth      20%        3d8       91%         3
 Blink                    Tloc           8%         N/A       97%         2
 Jinxbite                 Hex            8%         N/A       97%         2
 Fugue of the Fallen      Necr           4%         N/A       100%        3
 Ozocubu's Armour         Ice            4%         N/A       100%        3
 Brom's Barrelling Bould  Conj/Erth      10%        2d3       100%        4
 Manifold Assault         Tloc           4%         N/A       100%        4
 Alistair's Intoxication  Alch           2%         N/A       100%        5
 Lehudib's Crystal Spear  Conj/Erth      5%         10d3      100%        8


Dungeon Overview and Level Annotations

Branches:
Dungeon (15/15)            Temple (1/1) D:4            Lair (0/5) D:10
    Orc (0/2) D:10         Vaults (0/5) D:14         Depths (0/4) D:15
  Sewer (visited)          Bailey (visited)

Altars:
Ashenzari
Cheibriados
Dithmenos
Elyvilon
Fedhas
Gozag
Hepliaklqana
Kikubaaqudgha
Makhleb
Nemelex Xobeh
Okawaru
Qazlal
Ru
Sif Muna
Trog
Uskayaw
Vehumet
Wu Jian
Xom
Yredelemnul
Zin
The Shining One

Shops:
D:3 (   D:5 [   D:8 (   D:12 !

Portals:
Trove: D:12 (give +3 shadow dragon scales)

Annotations:
D:11 1 runed translucent door, Curundu's ghost, journeyman MiBe


Innate Abilities, Weirdness & Mutations

Your life essence is reduced to manifest your ancestor. (-10% HP)
((You are very nimble when in or above water. (Stealth+, EV+, Speed+++)))
Your lower body shifts to a powerful aquatic tail in water.
Your flesh is heat resistant. (rF+)
You are robust. (+10% HP)


Message History

You reach to attack!
You puncture the centaur warrior!
The centaur warrior is heavily wounded.
The centaur warrior unwields a +0 orcbow.
Cyneburga blocks the centaur warrior's attack.
The centaur warrior kicks Cyneburga but does no damage.
You reach to attack!
You barely miss the centaur warrior.
The centaur warrior is heavily wounded.
The centaur warrior wields a +0 orcbow.
The centaur warrior shoots an arrow.
The arrow hits Cyneburga!
You reach to attack!
You hit the centaur warrior but do no damage.
You drain the centaur warrior.
The centaur warrior is heavily wounded.
Cyneburga hits the centaur warrior with a +0 flail!
The centaur warrior shoots an arrow.
Cyneburga blocks the arrow.
You reach to attack!
You puncture the centaur warrior!
The centaur warrior is severely wounded.
The centaur warrior shoots an arrow.
The arrow hits Cyneburga!!
Cyneburga is destroyed!
You reach to attack!
You puncture the centaur warrior!
You kill the centaur warrior!
Your Polearms skill increases to level 14!
You have reached level 14!
There is an open door here.
A tengu warrior and a stone giant come into view.
Found a staircase to the Depths.
The tengu warrior shouts!
The stone giant shouts!
You hear a shout!
The tengu warrior shoots a bolt.
The bolt hits you!
The stone giant throws a large rock.
The large rock barely misses you.
A tengu warrior comes into view. It is wielding a +0 arbalest.
There are monsters nearby!
There are monsters nearby!
Unknown command.
The tengu warrior shoots a bolt.
The bolt hits you!!
The tengu warrior shoots a bolt.
The bolt closely misses you.
The tengu warrior shoots a bolt.
The bolt hits you!!
The tengu warrior shoots a bolt.
The bolt hits you!
The tengu warrior shoots a bolt.
The bolt completely misses you.
The stone giant throws a large rock.
The large rock hits you!!!
You die...

#.# >8# ##.........?
#Q# .. .##.######...
#.##'##Q##.#####....
#.≈.C.≈.#...........
#.≈...≈.##.####.....
#.≈.≈.≈.##.# #.#...
#.#.#.#.##.# #.#..#
#≈..#..≈##.# #.#..#
#≈≈@..≈≈##.# #.#...
####'#####.# #.#.##
#....##.####.#.#
###..##...##...##
#######.............
#.......###..##.##.#
#.#####.# #..##.##.#
#.# #.# #..##.##.#
#.# #.###..##(##.#


You could see a stone giant and a tengu warrior.

Vanquished Creatures
  Josephine (D:14)
  Harold (D:11)
  A boulder beetle (D:13)
  3 two-headed ogres
  A catoblepas (D:14)
  9 centaur warriors
  The ghost of avangion the Eclecticist, a journeyman DECj of Vehumet (D:10)
  An occultist (D:15)
  3 skeletal warriors
  An arcanist (D:13)
  The ghost of OldManVictorn the Insei, a novice GnSh of Ashenzari (D:7)
  11 ugly things
  2 wolf spiders (D:15)
  7 cyclopes
  A manticore (D:13)
  A kobold demonologist (D:14)
  Jeremiah (D:8)
  An efreet (D:15)
  A freezing wraith (D:14)
  A komodo dragon (D:12)
  A tengu conjurer (D:15)
  3 trolls
  A vampire (D:12)
  A shadow (D:12)
  A wyvern (D:8)
  4 wraiths
  A spriggan (Bailey)
  6 yaks (D:9)
  2 steam dragons
  Grum (D:8)
  11 vampire mosquitoes
  2 acid dragons
  A water moccasin (D:6)
  8 orc warriors
  A laughing skull (D:14)
  2 sky beasts (D:8)
  A black bear (D:6)
  5 ogres
  2 wolves (D:8)
  13 centaurs
  3 kobold brigands
  A weeping skull (D:3)
  3 bullfrogs
  5 scorpions
  A gnoll sergeant (D:12)
  4 wights (D:9)
  5 killer bees (D:9)
  7 howler monkeys
  A hound (D:7)
  Crazy Yiuf (D:4)
  2 bombardier beetles
  8 orc priests
  2 sleepcaps
  A gnoll bouda (D:5)
  A jelly (D:5)
  2 iguanas (D:5)
  11 orc wizards
  Robin (D:2)
  9 adders
  18 gnolls
  2 river rats (D:6)
  2 shadow imps
  2 white imps
  8 ufetubi
  16 dart slugs
  A ribbon worm (D:5)
  38 orcs
  18 endoplasms
  14 giant cockroaches
  16 goblins
  6 hobgoblins
  A quokka (D:3)
  19 ball pythons
  5 bats
  11 frilled lizards
  18 kobolds
  2 rats (D:6)
  A spectral kobold (D:1)
  A spectral orc (D:3)
383 creatures vanquished.

Vanquished Creatures (collateral kills)
  An ironbound preserver (D:14)
  A centaur warrior (D:13)
  A catoblepas (D:13)
  A skeletal warrior (D:14)
  A deep elf pyromancer (D:13)
  A kobold demonologist (D:12)
  A tengu conjurer (D:15)
  A troll (shapeshifter) (D:15)
  A hornet (D:10)
  A slime creature (D:14)
  A spriggan (Bailey)
  A wraith (D:14)
  A vampire mosquito (D:12)
  3 centaurs
  A hornet simulacrum (D:14)
  A howler monkey (D:10)
  An orc wizard (D:11)
  2 orcs (D:11)
  4 kobolds (D:8)
  A rat (D:6)
26 creatures vanquished.

Vanquished Creatures (others)
  A two-headed ogre (D:13)
  An ancestor (D:10)
  6 knights
  2 orc wizards
10 creatures vanquished.

Grand Total: 419 creatures vanquished

Notes
Turn   | Place    | Note
-------+----------+-------------------------------------------
     0 | D:1      | Newt the Merfolk Gladiator began the quest for the Orb.
     0 | D:1      | Reached XP level 1. HP: 16/16 MP: 1/1
   202 | D:1      | Reached XP level 2. HP: 24/24 MP: 2/2
   216 | D:1      | Found a faded altar of an unknown god.
   769 | D:2      | Reached XP level 3. HP: 29/30 MP: 3/3
   770 | D:2      | Identified the +2 pair of gloves "Forget-Me-Not" {rPois
                  | rF+}
   846 | D:2      | Noticed Robin
   855 | D:2      | Killed Robin
   857 | D:2      | Reached XP level 4. HP: 33/37 MP: 4/4
   868 | D:2      | Reached skill level 5 in Polearms
  1339 | D:3      | Found an opulent altar of Gozag.
  1368 | D:3      | Found Ilaj's Antique Weapon Shoppe.
  1403 | D:3      | Reached skill level 6 in Polearms
  1403 | D:3      | Reached XP level 5. HP: 42/42 MP: 5/5
  1784 | D:3      | Reached skill level 7 in Polearms
  2068 | D:3      | Found a basalt altar of Yredelemnul.
  2068 | D:3      | Noticed a weeping skull
  2079 | D:3      | Killed a weeping skull
  2080 | D:3      | Reached skill level 8 in Polearms
  2080 | D:3      | Reached XP level 6. HP: 43/48 MP: 6/6
  2501 | D:4      | Found an ancient bone altar of Kikubaaqudgha.
  2746 | D:4      | Learned a level 2 spell: Call Imp
  2872 | D:4      | Reached skill level 9 in Polearms
  2888 | D:4      | Reached skill level 1 in Spellcasting
  2888 | D:4      | Reached skill level 1 in Summonings
  2888 | D:4      | Reached XP level 7. HP: 54/54 MP: 6/8
  3501 | D:4      | Found a staircase to the Ecumenical Temple.
  3578 | D:4      | Found a runed translucent door.
  3579 | D:4      | Noticed Crazy Yiuf
  3668 | D:4      | Killed Crazy Yiuf
  3713 | Temple   | Entered the Ecumenical Temple
  3791 | D:5      | Entered Level 5 of the Dungeon
  4258 | D:5      | Reached XP level 8. HP: 48/60 MP: 8/12
  4354 | D:5      | Found an iron altar of Okawaru.
  4598 | D:5      | Reached skill level 5 in Summonings
  4852 | D:5      | Found Ifovveno's Antique Armour Shop.
  4992 | D:6      | Found a broken altar of Ashenzari.
  4992 | D:6      | Found an ornate altar of the Wu Jian Council.
  4993 | D:6      | Found a hide-covered altar of Uskayaw.
  5194 | D:6      | Found a glowing drain.
  5202 | Sewer    | Entered a sewer
  5525 | D:6      | Found a stormy altar of Qazlal.
  5564 | D:6      | Found a snail-covered altar of Cheibriados.
  5695 | D:6      | Reached XP level 9. HP: 63/65 MP: 14/14
  6056 | D:7      | Noticed OldManVictorn's ghost (novice GnSh)
  6057 | D:7      | Identified the +1 great mace of Discord {heavy, SInv}
  6059 | D:7      | Found a transporter.
  6340 | D:7      | Reached skill level 5 in Dodging
  6901 | D:8      | Noticed Jeremiah
  6921 | D:8      | Killed Jeremiah
  6922 | D:8      | Reached skill level 5 in Fighting
  7041 | D:8      | Found a flagged portal.
  7054 | Bailey   | Entered a bailey
  7138 | Bailey   | Noticed a two-headed ogre
  7151 | Bailey   | Killed a two-headed ogre
  7152 | Bailey   | Reached skill level 5 in Stealth
  7152 | Bailey   | Reached skill level 10 in Polearms
  7152 | Bailey   | Reached XP level 10. HP: 56/79 MP: 11/15
  7331 | D:8      | Found a radiant altar of Vehumet.
  7574 | D:8      | Noticed Grum
  7599 | D:8      | Killed Grum
  7699 | D:8      | Gained mutation: Your flesh is heat resistant. (rF+)
                  | [potion of mutation]
  7699 | D:8      | Gained mutation: You have a pair of small antennae on your
                  | head. [potion of mutation]
  7699 | D:8      | Gained mutation: You sometimes lose your temper in combat.
                  | [potion of mutation]
  7700 | D:8      | Lost mutation: You have a pair of small antennae on your
                  | head. [potion of mutation]
  7700 | D:8      | Lost mutation: You sometimes lose your temper in combat.
                  | [potion of mutation]
  7700 | D:8      | Gained mutation: You are robust. (+10% HP) [potion of
                  | mutation]
  7805 | D:8      | Found Wesocsil's Weapon Emporium.
  7840 | D:8      | Reached skill level 11 in Polearms
  8465 | D:9      | Reached skill level 12 in Polearms
  8474 | D:9      | Reached skill level 1 in Evocations
  8526 | D:9      | Found a hazy altar of Hepliaklqana.
  8622 | D:9      | Became a worshipper of Hepliaklqana the Forgotten
  8737 | D:9      | Identified the +8 dagger of the Common Good {vamp, rElec
                  | rCorr Str+3 Int+3}
  9036 | D:9      | Found a shimmering altar of Xom.
  9037 | D:9      | Found a glowing silver altar of Zin.
  9038 | D:9      | Found a burning altar of Makhleb.
  9115 | D:10     | Entered Level 10 of the Dungeon
  9173 | D:10     | Reached * piety under Hepliaklqana
  9183 | D:10     | Reached skill level 5 in Evocations
  9302 | D:10     | Found a sacrificial altar of Ru.
  9358 | D:10     | Found a white marble altar of Elyvilon.
  9475 | D:10     | Found a runed translucent gate.
  9478 | D:10     | Noticed avangion's ghost (journeyman DECj)
  9534 | D:10     | Found a staircase to the Orcish Mines.
  9603 | D:10     | Noticed a purple ugly thing
  9618 | D:10     | Killed a purple ugly thing
  9619 | D:10     | Reached XP level 11. HP: 80/84 MP: 16/16
  9649 | D:10     | Identified the +9 plate armour of the Immovable Wars {Int+6
                  | Slay+2}
  9650 | D:10     | Found a runed translucent gate.
  9651 | D:10     | Found a runed translucent gate.
  9687 | D:10     | Found a staircase to the Lair.
  9955 | D:10     | Killed avangion's ghost
 10247 | D:7      | Found a transporter.
 10289 | D:7      | Killed OldManVictorn's ghost
 11002 | D:11     | Noticed Harold
 11015 | D:11     | Killed Harold
 11466 | D:11     | Reached ** piety under Hepliaklqana
 11467 | D:11     | Remembered your ancestor Cyneburga as a knight
 11564 | D:11     | Found a runed translucent door.
 11792 | D:11     | Noticed a two-headed ogre
 11801 | D:11     | Killed a two-headed ogre
 11802 | D:11     | Reached skill level 5 in Armour
 11816 | D:11     | Noticed a centaur warrior
 11820 | D:11     | Killed a centaur warrior
 12304 | D:11     | Noticed Curundu's ghost (journeyman MiBe)
 12304 | D:11     | Noticed a deep troll
 12371 | D:12     | Noticed a green ugly thing
 12380 | D:12     | Killed a green ugly thing
 12532 | D:12     | Reached XP level 12. HP: 81/91 MP: 17/17
 13001 | D:12     | Found a portal to a secret trove of treasure.
 13048 | D:12     | Found Goecvyi's Distillery.
 13065 | D:12     | Bought a potion of heal wounds for 70 gold pieces
 13065 | D:12     | Bought a potion of heal wounds for 70 gold pieces
 13065 | D:12     | Bought a potion of might for 56 gold pieces
 13458 | D:13     | Noticed a centaur warrior
 13472 | D:13     | Killed a centaur warrior
 13473 | D:13     | Identified a scroll of acquirement
 13474 | D:13     | Acquired the +0 helmet of the Lobster {Rampage rPois Str+3
                  | Int-2}
 13549 | D:13     | Noticed a centaur warrior
 13556 | D:13     | Killed a centaur warrior
 13916 | D:13     | Noticed a two-headed ogre
 13916 | D:13     | Noticed a catoblepas
 13938 | D:13     | Killed a two-headed ogre
 13945 | D:13     | Killed a catoblepas
 14209 | D:13     | Reached *** piety under Hepliaklqana
 14452 | D:13     | Noticed a centaur warrior
 14458 | D:13     | Killed a centaur warrior
 14751 | D:13     | Noticed a boulder beetle
 14776 | D:13     | Killed a boulder beetle
 14777 | D:13     | Reached skill level 10 in Armour
 14777 | D:13     | Reached skill level 1 in Earth Magic
 14988 | D:14     | Noticed a two-headed ogre
 14993 | D:14     | Killed a two-headed ogre
 15086 | D:14     | Reached XP level 13. HP: 78/96 MP: 18/18
 15147 | D:14     | Found a gate to the Vaults.
 15147 | D:14     | Noticed an ironbound preserver
 15607 | D:14     | Reached skill level 5 in Earth Magic
 15752 | D:14     | Reached skill level 5 in Spellcasting
 15842 | D:14     | Noticed Josephine
 15855 | D:14     | Killed Josephine
 16482 | D:14     | Killed an ironbound preserver
 16838 | D:14     | Found a stormy altar of Qazlal.
 16876 | D:15     | Entered Level 15 of the Dungeon
 17965 | D:15     | Identified the blade talisman "Fiboacw" {rPois rN+}
 18002 | D:15     | Reached skill level 13 in Polearms
 18434 | D:15     | Reached skill level 14 in Polearms
 18434 | D:15     | Reached XP level 14. HP: 103/103 MP: 25/25
 18453 | D:15     | Found a staircase to the Depths.
 18453 | D:15     | Noticed a stone giant
 18457 | D:15     | Hit by a large rock thrown by a stone giant

Illustrated notes

Levels and vault maps discovered:
D:1:      erik_arrival_triangle_medium, layout_basic,
          dreamdust_ecumenical_altar_drowned_temple, serial_glass,
          glass_columns_c, glass_columns_a, minmay_strange_pillars,
          minmay_strange_pillars, due_unseen_surprise, feat_on_display,
          minmay_misc_feat_secret_circle, minivault_23
D:2:      layout_rooms, serial_bayou_pond_d, nrook_loot_triangle, uniq_robin
D:3:      layout_loops_ring, yredelemnul_forgotten_temple_becter,
          grunt_gozag_breadcrumbs, serial_shops, shop
D:4:      layout_basic, mainiacjoe_overflow_cross_hatched,
          minmay_temple_entry_junction, uniq_crazy_yiuf_cottage
D:5:      cheibrodos_quashed, layout_loops_ring,
          mainiacjoe_overflow_six_doors_small, serial_shops,
          nicolae_shop_advertising_works [nicolae_subvault_shop_adworks]
D:6:      layout_cave_pools, lemuel_doored_altar, mainiacjoe_overflow_alcove_1,
          chequers_temple_overflow_statue_of_worship, portal_sewer_entry_e
D:7:      layout_gridville, gammafunk_ghost_smash
D:8:      layout_cave_pods, mainiacjoe_overflow_paths, serial_shops,
          nicolae_shop_tiny_statue_garden, enter_bailey_7, uniq_grum,
          uniq_jeremiah
D:9:      layout_small_grid, nzn_hepliaklqana_mist_gate, minitemple
D:10:     layout_gridville, mainiacjoe_overflow_chevrons, elyvilon_altar_3,
          orc_0_dummy, biasface_ghost_orc_armoury, dreamdust_wishing_well
D:11:     layout_stronghold, ebering_ghost_inner_flame, uniq_harold
D:12:     layout_loops_cross, serial_shops, nicolae_shop_tiny_glass,
          enter_trove_3
D:13:     layout_roguey, lemuel_flame_loot_1
D:14:     layout_small_grid, skrybe_vaults_entry_preservation,
          nicolae_qazlal_style_of_elements, bh_walls_and_bars, uniq_josephine
D:15:     grunt_enter_depths_snipers, layout_loops_ring, hex_tiny
Temple:   nicolae_temple_ecumenical_triangle

Skill      XL: |  1  2  3  4  5  6  7  8  9 10 11 12 13 |
---------------+----------------------------------------+-----
Fighting       | 3 4 7 |  7.0
Polearms       | 6 8 9 10 12 14 | 14.0
Spellcasting   | 1 3 7 |  7.8
Summonings     | 1 3 7 8 |  8.0
Dodging        | 7 |  7.0
Stealth        | 5 |  5.0
Evocations     | 6 7 |  7.0
Armour         | 6 10 | 10.0
Earth Magic    | 3 5 |  5.4
Throwing       | |  2.0

Action                     |  1- 3 |  4- 6 |  7- 9 | 10-12 | 13-15 || total
---------------------------+-------+-------+-------+-------+-------++-------
  Melee: Trident           |    84 |   149 |   464 |   642 |   313 ||  1652
         Punch             |     1 |     1 |     5 |     4 |     5 ||    16
         Tailslap          |       |       |     8 |     1 |       ||     9
  Throw: Throwing net      |       |       |     2 |     1 |     3 ||     6
   Cast: Call Imp          |       |       |     8 |    11 |     7 ||    26
 Invoke: Ancestor Life: Kn |       |       |       |     1 |       ||     1
         Recall Ancestor   |       |       |       |       |     1 ||     1
    Use: Scroll            |     3 |     3 |    10 |     7 |     1 ||    24
         Potion            |       |       |     4 |     5 |     1 ||    10
   Stab: Sleeping          |     1 |     5 |     4 |     3 |       ||    13
         Held in net/web   |       |       |     1 |     1 |     1 ||     3
         Distracted        |       |       |       |    11 |     3 ||    14
 Armour: Leather armour    |    19 |    56 |   222 |       |       ||   297
         Steam dragon scal |       |       |       |   115 |       ||   115
         Plate armour      |       |       |       |   226 |   190 ||   416
  Dodge: Dodged            |    63 |    59 |   294 |   276 |    72 ||   764
  Block: Other             |       |       |    27 |    94 |    38 ||   159
         Reflection        |       |       |     2 |     9 |     6 ||    17

Table legend: (Time is in decaauts)
 A = Elapsed time spent in this place.
 B = Non-inter-level travel time spent in this place.
 C = Inter-level travel time spent in this place.
 D = Time resting spent in this place.
 E = Time spent auto-exploring this place.
 F = Levels seen in this place.
 G = Mean time per level.
                   A        B        C        D        E       F      G
               +--------+--------+--------+--------+--------+-----+--------+
         Total |  18033 |  16759 |   1274 |   3298 |  10575 |  18 | 1001.8 |
       Dungeon |  17619 |  16346 |   1273 |   3260 |  10449 |  15 | 1174.6 |
        Temple |      1 |      0 |      1 |      0 |      0 |   1 |    1.0 |
         Sewer |    211 |    211 |      0 |      0 |     34 |   1 |  211.0 |
        Bailey |    200 |    200 |      0 |     38 |     91 |   1 |  200.0 |
               +--------+--------+--------+--------+--------+-----+--------+

Top non-repeatable levels by time:
    D:14: 2689 daAuts
     D:4: 1684 daAuts
    D:13: 1520 daAuts
    D:11: 1349 daAuts
     D:8: 1193 daAuts
     D:7: 1188 daAuts
     D:3: 1182 daAuts
     D:5: 1041 daAuts
    D:10: 1038 daAuts
    D:12: 1025 daAuts
     D:9: 935 daAuts
     D:6: 756 daAuts
     D:1: 714 daAuts
    D:15: 680 daAuts
     D:2: 618 daAuts
